 Dungeon Crawl Stone Soup version 0.23.2-1-ga50397a (webtiles) character file.

Game seed: 13311888701830440806

17789 IBeShadow the Zephyrmancer (level 12, -3/75 HPs)
             Began as a Tengu Air Elementalist on May 16, 2019.
             Was an Initiate of Ashenzari.
             Slain by a dire elephant (17 damage)
             ... on level 2 of the Lair of Beasts.
             The game lasted 00:32:42 (14448 turns).

IBeShadow the Zephyrmancer (TeAE)                  Turns: 14448, Time: 00:32:43

Health: -3/75      AC: 12    Str: 14 (16) XL:     12   Next: 51%
Magic:  5/25       EV: 15    Int: 22 (23) God:    Ashenzari [......]
Gold:   584        SH:  0    Dex: 17 (19) Spells: 17/27 levels left

rFire    + . .     SeeInvis .   z - +6 short sword "Sehaorr" {pierce, *Drain rN++ Dex+4 Stlth+}
rCold    + . .     Gourm    .   (no shield)
rNeg     + + .     Faith    .   N - +0 troll leather armour
rPois    +         Spirit   .   u - +2 hat
rElec    +         Reflect  .   H - +2 cloak {MR+}
rCorr    +         Harm     .   U - +1 pair of gloves
MR       +....                  (boots unavailable)
Stlth    ++........             d - amulet of rage
HPRegen  0.62/turn              K - +6 ring of strength
MPRegen  0.19/turn              x - ring "Kabrod" {rPois AC+1 Int+4 Slay+2}

@: confused, resistant, flying quickly and evasively, hasted, very quick
A: beak, talons 3, poison resistance, evolution 1, able to fly
a: Stop Flying, Curse Item, Renounce Religion, Evoke Berserk Rage


You were on level 2 of the Lair of Beasts.
You worshipped Ashenzari.
Ashenzari was noncommittal.
You were very hungry.

You visited 3 branches of the dungeon, and saw 12 of its levels.

You collected 584 gold pieces.

Inventory:

Hand Weapons
 z - the +6 short sword "Sehaorr" (weapon) {pierce, *Drain rN++ Dex+4 Stlth+}
   (You found it on level 4 of the Dungeon)

   It inflicts extra damage upon your enemies.
   It affects your dexterity (+4).
   It greatly protects you from negative energy.
   It causes draining when unequipped.
   It makes you more stealthy.
Armour
 e - a +0 shield
 u - a +2 hat (worn)
 H - a +2 cloak of magic resistance (worn)
 N - a +0 troll leather armour (worn)
 U - a +1 pair of gloves (worn)
 X - a +0 buckler
Jewellery
 d - an amulet of rage (around neck)
 n - an uncursed ring of poison resistance
 p - an uncursed amulet of guardian spirit
 x - the ring "Kabrod" (right hand) {rPois AC+1 Int+4 Slay+2}
   (You found it on level 4 of the Dungeon)

   [ring of protection]

   It affects your AC (+1).
   It affects your intelligence (+4).
   It affects your accuracy and damage with ranged weapons and melee attacks
   (+2).
   It protects you from poison.
 B - an uncursed ring of protection from cold
 C - a +4 ring of strength
 K - a +6 ring of strength (left hand)
 V - an uncursed amulet of magic regeneration
Wands
 a - a wand of clouds (7)
 L - a wand of random effects (29)
 M - a wand of flame (18)
 S - a wand of disintegration (15)
 W - a wand of enslavement (4)
Scrolls
 b - 3 scrolls of identify
 f - 4 scrolls of teleportation
 h - a scroll of blinking {unknown}
 j - 2 scrolls of random uselessness {unknown}
 m - 4 scrolls of immolation
 r - 3 scrolls of magic mapping {unknown}
 y - 4 scrolls of amnesia
 A - 4 scrolls of fog {unknown}
 D - a scroll of noise {unknown}
 E - 2 scrolls of remove curse
 F - 2 scrolls of fear
 J - 4 scrolls of enchant weapon
 P - a scroll of holy word {unknown}
 T - a scroll of enchant armour {unknown}
Potions
 g - 2 potions of brilliance {unknown}
 i - a potion of berserk rage {unknown}
 k - 3 potions of cancellation
 q - 2 potions of resistance
 s - 2 potions of lignification
 t - a potion of mutation
 v - a potion of invisibility {unknown}
 w - a potion of magic {unknown}
 G - 2 potions of degeneration
 I - a potion of ambrosia {unknown}
 O - a potion of haste
 Q - a potion of curing {unknown}
Miscellaneous
 R - a crystal ball of energy
Comestibles
 c - 14 rations
 l - 7 chunks of flesh


   Skills:
 + Level 8.5 Fighting
 + Level 8.4 Short Blades
 - Level 2.1 Dodging
 - Level 2.0 Stealth
 - Level 8.0 Spellcasting
 + Level 11.1 Conjurations
 + Level 11.6 Air Magic
 - Level 8.1 Evocations


You had 17 spell levels left.
You knew the following spells:

 Your Spells              Type           Power        Failure   Level  Hunger
a - Shock                 Conj/Air       ####         1%          1    None
b - Airstrike             Air            ######....   1%          4    ###....
c - Lightning Bolt        Conj/Air       ######....   2%          5    #####..

Your spell library contained the following spells:

 Spells                   Type           Power        Failure   Level  Hunger
 Swiftness                Chrm/Air       ####....     1%          2    None
 Static Discharge         Conj/Air       ######..     1%          3    None
 Animate Skeleton         Necr           N/A          10%         1    None
 Pain                     Necr           #...         10%         1    None
 Regeneration             Chrm/Necr      #.........   28%         3    None
 Vampiric Draining        Necr           #.........   28%         3    None
 Animate Dead             Necr           N/A          67%         4    ###....


Dungeon Overview and Level Annotations

Branches:
Dungeon (9/15)             Temple (1/1) D:7            Lair (2/6) D:9
  Snake (0/4) Lair:2
  Swamp: Lair:2-4    Shoals: Lair:2-4       Orc: D:9-12

Altars:
Ashenzari
Cheibriados
Dithmenos
Elyvilon
Fedhas
Gozag
Hepliaklqana
Kikubaaqudgha
Makhleb
Nemelex Xobeh
Okawaru
Qazlal
Ru
Sif Muna
Trog
Uskayaw
Vehumet
Wu Jian
Xom
Yredelemnul
Zin
The Shining One

Shops:
D:7 *

Annotations:
Lair:2 Sonja


Innate Abilities, Weirdness & Mutations

You have a beak for a mouth.
You have claws for feet.
You can fly continuously.
Your system is resistant to poisons. (rPois)
You evolve.


Message History

The dire elephant barely misses you.
You're too confused!
Unknown command.
It was a potion of degeneration.
There was something very wrong with that liquid.
You feel weakened.
You feel dopey.
You feel clumsy. The dire elephant misses you.
The dire elephant closely misses you.
It was a potion of mutation.
You feel extremely strange.
You feel resistant to poisons.
You feel nature experimenting on you.
Don't worry, failures die fast.
The dire elephant tramples you.
You hold your ground!
The dire elephant closely misses you.
Okay, then.
You're too confused!
The dire elephant tramples you!
* * * LOW HITPOINT WARNING * * *
You are shoved backwards!
It was a potion of haste.
You feel yourself speed up. The dire elephant tramples you!
You die...

♣.(...........###...P##.#.#
♣.............# ##.####.###
♣...#.#######.# .######.#
♣...#.......### ..PP#.#.#
♣...#..#.#÷..## ........#
♣...#[........##........#
....#..#.#)#...##.......##
....#...........###P#.#..#
[...##...#.>.#..@######.##
.....##.........Y.##.##.##
......##...#.#.#..#..#...#
.......##.........#.###.##
........##...#.#..#.# #.#
.Y.......##.......#.###.#
^.........#######.#.##..##
.......... #...##...#
.......... #.......##


You could see a dire elephant.

Vanquished Creatures
  Pikel (D:7)
  9 elephants (Lair:2)
  A black mamba (Lair:1)
  10 spiny frogs
  3 komodo dragons (Lair:1)
  A rime drake (Lair:2)
  A troll (D:9)
  3 blink frogs (Lair:1)
  Grinder (D:4)
  3 hippogriffs
  A spriggan (Lair:2)
  11 yaks
  2 wyverns
  Sigmund (D:4)
  3 hungry ghosts
  A human (D:9)
  4 nagas (Lair:2)
  6 water moccasins
  4 porcupines
  An orc warrior (D:9)
  A black bear (D:8)
  An ice beast (D:6)
  5 sky beasts
  A necrophage (D:5)
  2 phantoms
  3 wolves (D:9)
  2 ogres
  3 centaurs
  3 crocodiles
  3 bullfrogs
  A wyvern zombie (D:8)
  A scorpion (D:4)
  5 killer bees (D:8)
  7 wights
  4 electric eels
  4 crimson imps
  5 orc priests
  Crazy Yiuf (D:7)
  A bullfrog zombie (D:9)
  3 jellies
  2 bullfrog skeletons (D:4)
  10 hounds
  2 centaur skeletons
  2 iguanas
  5 orc wizards
  Natasha (thrice) (D:4)
  7 worker ants
  A hound zombie (D:8)
  2 worker ant zombies
  2 howler monkey skeletons
  3 gnolls (D:5)
  8 adders
  An ooze (D:6)
  An adder zombie (D:9)
  An adder skeleton (D:6)
  5 worms
  2 dart slugs
  9 leopard geckos
  29 orcs
  6 bats
  6 giant cockroaches
  3 goblins
  7 hobgoblins
  36 jackals
  5 quokkas
  7 frilled lizards
  5 kobolds
  2 leopard gecko skeletons (D:5)
  8 rats
303 creatures vanquished.

Vanquished Creatures (others)
  64 fungi (Lair:2)
  25 plants (Lair:2)
89 creatures vanquished.

Grand Total: 392 creatures vanquished

Notes
Turn   | Place    | Note
-------+----------+-------------------------------------------
     0 | D:1      | IBeShadow the Tengu Air Elementalist began the quest for
                  | the Orb.
     0 | D:1      | Reached XP level 1. HP: 10/10 MP: 4/4
   223 | D:1      | Reached XP level 2. HP: 16/16 MP: 0/6
   484 | D:1      | Reached skill level 1 in Fighting
   490 | D:1      | Reached XP level 3. HP: 1/20 MP: 0/7
  1169 | D:1      | Reached skill level 1 in Evocations
  1955 | D:2      | Reached XP level 4. HP: 23/25 MP: 8/8
  2126 | D:2      | Found a snail-covered altar of Cheibriados.
  2493 | D:2      | Found a stormy altar of Qazlal.
  2493 | D:2      | Noticed an earth elemental
  2497 | D:2      | Noticed an air elemental
  2500 | D:2      | Noticed a fire elemental
  2500 | D:2      | Noticed a water elemental
  2942 | D:3      | Gained mutation: You can fly continuously. [Tengu growth]
  2942 | D:3      | Reached XP level 5. HP: 11/29 MP: 7/9
  2945 | D:3      | Reached skill level 5 in Air Magic
  2952 | D:3      | Reached XP level 6. HP: 15/35 MP: 8/11
  4026 | D:3      | Found a sacrificial altar of Ru.
  4515 | D:4      | Noticed Grinder
  4516 | D:4      | Paralysed by Grinder for 3 turns
  4683 | D:4      | Killed Grinder
  4683 | D:4      | Reached XP level 7. HP: 30/40 MP: 11/13
  4826 | D:4      | Noticed Sigmund
  4841 | D:4      | Killed Sigmund
  4981 | D:4      | Noticed Natasha
  4988 | D:4      | Killed Natasha
  5007 | D:4      | Reached XP level 8. HP: 35/46 MP: 9/14
  5110 | D:4      | Got a faintly glowing amber ring
  5149 | D:4      | Noticed Natasha
  5160 | D:4      | Killed Natasha
  5291 | D:4      | Noticed Natasha
  5300 | D:4      | Killed Natasha
  5368 | D:4      | Identified the ring "Kabrod" {rPois AC+1 Int+4 Slay+2} (You
                  | found it on level 4 of the Dungeon)
  5513 | D:4      | Reached skill level 5 in Evocations
  5535 | D:4      | Got a transparent short sword
  5536 | D:4      | Identified the +6 short sword "Sehaorr" {pierce, *Drain
                  | rN++ Dex+4 Stlth+} (You found it on level 4 of the Dungeon)
  5796 | D:5      | Entered Level 5 of the Dungeon
  5815 | D:4      | Reached skill level 5 in Conjurations
  6126 | D:5      | Reached skill level 1 in Short Blades
  6407 | D:5      | Found a hazy altar of Hepliaklqana.
  6407 | D:5      | Found a shadowy altar of Dithmenos.
  6711 | D:6      | Reached XP level 9. HP: 38/52 MP: 16/16
  6987 | D:6      | Learned a level 4 spell: Airstrike
  7076 | D:6      | Found a burning altar of Makhleb.
  7076 | D:6      | Noticed an Executioner
  7378 | D:6      | You are sucked into a shaft for 3 floors!
  7640 | D:9      | Reached skill level 5 in Fighting
  7640 | D:9      | Reached skill level 5 in Spellcasting
  7678 | D:9      | Noticed a troll
  7933 | D:9      | Found a staircase to the Lair.
  8166 | D:9      | Reached XP level 10. HP: 58/59 MP: 5/18
  8387 | D:9      | Found a snail-covered altar of Cheibriados.
  9043 | Lair:1   | Entered Level 1 of the Lair of Beasts
  9439 | Lair:1   | Noticed a spiny frog
  9443 | Lair:1   | Noticed a spiny frog
  9470 | Lair:1   | Killed a spiny frog
  9470 | Lair:1   | Reached skill level 5 in Short Blades
  9500 | Lair:1   | Killed a spiny frog
  9756 | Lair:1   | Noticed a spiny frog
  9756 | Lair:1   | Noticed a spiny frog
  9837 | Lair:1   | Killed a spiny frog
  9837 | Lair:1   | Reached XP level 11. HP: 36/66 MP: 1/21
 10612 | Lair:1   | Reached skill level 10 in Air Magic
 11470 | D:8      | Found a white marble altar of Elyvilon.
 11481 | D:8      | Found a hide-covered altar of Uskayaw.
 12007 | D:8      | Reached skill level 10 in Conjurations
 12096 | D:8      | Found a blossoming altar of Fedhas.
 12208 | D:7      | Found Nufoicw's General Store.
 12209 | D:7      | Noticed Pikel
 12220 | D:7      | Killed Pikel
 12236 | D:7      | Found a snail-covered altar of Cheibriados.
 12387 | D:7      | Found an iron altar of Okawaru.
 12439 | D:7      | Found a staircase to the Ecumenical Temple.
 12601 | Temple   | Entered the Ecumenical Temple
 12785 | Temple   | Became a worshipper of Ashenzari the Shackled
 12907 | D:7      | Found a runed translucent door.
 12908 | D:7      | Noticed Crazy Yiuf
 13017 | D:7      | Killed Crazy Yiuf
 13035 | D:7      | Learned a level 5 spell: Lightning Bolt
 13168 | Lair:2   | Found a staircase to the Snake Pit.
 13171 | Lair:2   | Reached XP level 12. HP: 72/73 MP: 3/24
 14431 | Lair:2   | Noticed Sonja
 14439 | Lair:2   | Noticed a dire elephant
 14446 | Lair:2   | Gained mutation: Your system is resistant to poisons.
                  | (rPois) [potion of mutation]
 14446 | Lair:2   | Gained mutation: You evolve. [potion of mutation]
 14448 | Lair:2   | Slain by a dire elephant

Skill      XL: |  1  2  3  4  5  6  7  8  9 10 11 12 |
---------------+-------------------------------------+-----
Conjurations   | 2 3 4 5 7 8 10 11 | 11.1
Fighting       | 1 2 3 4 5 6 7 8 |  8.5
Evocations     | 1 2 3 4 6 7 8 |  8.1
Air Magic      | 5 6 7 8 9 10 11 | 11.6
Spellcasting   | 3 4 5 6 7 8 |  8.0
Short Blades   | 2 4 5 7 8 |  8.4
Dodging        | |  2.1
Stealth        | |  2.0

Action                   |  1- 3 |  4- 6 |  7- 9 | 10-12 || total
-------------------------+-------+-------+-------+-------++-------
Melee: Unarmed           |    15 |       |       |       ||    15
       Kick              |    22 |    23 |    67 |   122 ||   234
       Club              |    49 |       |       |       ||    49
       Peck              |    13 |    12 |    30 |    83 ||   138
       Dagger            |    43 |   114 |    47 |       ||   204
       Short sword       |       |       |   153 |   331 ||   484
 Cast: Shock             |    17 |     7 |    37 |    17 ||    78
       Airstrike         |       |       |    19 |    58 ||    77
       Lightning Bolt    |       |       |       |    37 ||    37
 Abil: Evoke Berserk Rag |     1 |     3 |     1 |     2 ||     7
       Fly               |       |     1 |       |       ||     1
Evoke: Crystal ball of e |       |       |       |     1 ||     1
  Use: Scroll            |     6 |       |     2 |     6 ||    14
       Potion            |       |       |     1 |     9 ||    10
 Stab: Sleeping          |     5 |     4 |    11 |     8 ||    28
  Eat: Chunk             |     5 |     5 |    14 |    29 ||    53
       Ration            |       |     2 |       |     2 ||     4
Armor: Robe              |    36 |    27 |    35 |     8 ||   106
       Troll leather arm |       |       |       |    70 ||    70
Dodge: Dodged            |    96 |    66 |   108 |   232 ||   502
